[Event "Early-Titled-Tuesday-Blitz-May-07-2024"]
[Site "Chess.com"]
[Date "2024.05.07"]
[Round "11"]
[White "HajiyevKanan"]
[Black "KnightDuta"]
[Result "0-1"]
[WhiteElo "2591"]
[BlackElo "2729"]
[TimeControl "180+1"]
[EndTime "10:13:52 PDT"]
[Termination "KnightDuta won by checkmate"]

1. d4 Nf6 2. Nf3 g6 3. e3 Bg7 4. Be2 O-O 5. O-O d5 6. b3 c5 7. Bb2 Ne4 8. Nbd2 Nc6 9. c3 Bg4 10. Nxe4 dxe4 11. Nd2 Bxe2 12. Qxe2 cxd4 13. exd4 f5 14. f3 e5 15. d5 exf3 16. Nxf3 Qxd5 17. c4 Qc5+ 18. Kh1 Rad8 19. Rae1 Rfe8 20. a3 a5 21. Qc2 e4 22. Bxg7 Kxg7 23. Qb2+ Kg8 24. Ng5 Rd3 25.
h4 Qd4 26. Qb1 Ne5 27. b4 e3 28. g3 Rd2 29. Rf4 Qc3 30. Rxf5 gxf5 31. Qxf5 Qc2 32. Ne4 Rh2+ 33. Kg1 Qg2# 0-1

[Event "Early-Titled-Tuesday-Blitz-May-07-2024"]
[Site "Chess.com"]
[Date "2024.05.07"]
[Round "11"]
[White "RebecaJimnz"]
[Black "kritipatel"]
[Result "1-0"]
[WhiteElo "2288"]
[BlackElo "2187"]
[TimeControl "180+1"]
[EndTime "10:13:56 PDT"]
[Termination "RebecaJimnz won on time"]

1. e4 e5 2. d4 exd4 3. Qxd4 Nc6 4. Qe3 Nf6 5. Nc3 Bb4 6. Bd2 d6 7. O-O-O O-O 8. Bc4 Re8 9. Nf3 Bxc3 10. Bxc3 Be6 11. Bxe6 Rxe6 12. Ng5 Re8 13. f3 h6 14. h4 d5 15. Qf2 hxg5 16. hxg5 Nxe4 17. fxe4 Qxg5+ 18. Bd2 Qg6 19. Qh4 f6 20. exd5 Ne5 21. Qb4 b6 22. Qb3 a5 23. a4 Nf7 24. Rh2 Rad8 25.
Rdh1 Rd6 26. Bf4 Ne5 27. Qc3 Re7 28. Bxe5 Rxe5 29. Qxc7 Qg5+ 30. Kb1 Re1+ 31. Rxe1 1-0

[Event "Early-Titled-Tuesday-Blitz-May-07-2024"]
[Site "Chess.com"]
[Date "2024.05.07"]
[Round "11"]
[White "Kacparov"]
[Black "PavelShkapenko"]
[Result "1-0"]
[WhiteElo "2921"]
[BlackElo "2735"]
[TimeControl "180+1"]
[EndTime "10:13:57 PDT"]
[Termination "Kacparov won by resignation"]

1. e4 e5 2. Nf3 Nc6 3. Bc4 d6 4. c3 f5 5. d3 Qf6 6. Nbd2 f4 7. b4 g5 8. h3 Nge7 9. Qb3 h5 10. Bb2 g4 11. hxg4 hxg4 12. Rxh8 Qxh8 13. Bf7+ Kd8 14. Ng5 Qh1+ 15. Nf1 Qxg2 16. Bh5 g3 17. O-O-O d5 18. Nf7+ Kd7 19. b5 Na5 20. Qb4 Qxf2 21.
Nxe5+ Ke6 22. exd5+ Nxd5 23. Qxf8 g2 24. Qe8+ Kf6 25.
Qf7+ Kg5 26. Nf3+ Qxf3 27. Bxf3 1-0

[Event "Early-Titled-Tuesday-Blitz-May-07-2024"]
[Site "Chess.com"]
[Date "2024.05.07"]
[Round "11"]
[White "Denisenko_Denis"]
[Black "yashami"]
[Result "0-1"]
[WhiteElo "2375"]
[BlackElo "827"]
[TimeControl "180+1"]
[EndTime "10:13:57 PDT"]
[Termination "yashami won by checkmate"]

1. d4 Nf6 2. Bf4 g6 3. e3 Bg7 4. Be2 d6 5. h3 O-O 6. Nf3 Nc6 7. O-O e5 8. dxe5 Ne4 9. Nbd2 dxe5 10. Bh2 Nxd2 11.
Nxd2 Qe7 12. c3 Rd8 13. Qc2 Bf5 14. e4 Be6 15. Nc4 Qc5 16. b4 Qe7 17. Rfd1 a6 18. a4 Qg5 19. Bg3 f5 20. b5 f4 21. bxc6 fxg3 22.
cxb7 gxf2+ 23. Kxf2 Rf8+ 24. Bf3 Qh4+ 25. Kg1 Rab8 26.
Na5 Bxh3 27. Qf2 Qg5 28. Kh2 Bg4 29. Qg3 Qh5+ 30. Kg1 Bxf3 31. gxf3 Rxf3 32. Qg2 Bh6 33. Re1 Rf4 34. Re3 Rg4 35. Rg3 Be3+ 36. Kf1 Rf8+ 37.
Ke1 Rxg3 38. Qxg3 Qh1+ 39. Ke2 Qxa1 40. Qxe3 Qxa4 41. Qc5 Qxe4+ 42. Kd2 Rd8+ 43. Kc1 Qe1+ 44. Kb2 Rd2+ 45. Kb3 Qb1+ 46. Kc4 Qa2+ 47. Nb3 Qa4+ 48. Qb4 Qc6+ 49. Nc5 Qd5# 0-1

[Event "Early-Titled-Tuesday-Blitz-May-07-2024"]
[Site "Chess.com"]
[Date "2024.05.07"]
[Round "11"]
[White "HouseOfDurin"]
[Black "BashirliSaadat"]
[Result "1-0"]
[WhiteElo "2261"]
[BlackElo "2376"]
[TimeControl "180+1"]
[EndTime "10:13:58 PDT"]
[Termination "HouseOfDurin won by resignation"]

1. d4 Nf6 2. Bg5 d5 3. Bxf6 exf6 4. c4 c6 5. cxd5 cxd5 6. Nc3 Be7 7. e3 O-O 8. g3 Nc6 9. Bg2 Be6 10. Nge2 Qa5 11. a3 Rac8 12. O-O Rfd8 13. Nf4 a6 14. b4 Qb6 15.
Nfxd5 Qa7 16. Nxe7+ Nxe7 17. Rc1 h6 18. Qf3 b5 19.
Qb7 Rc7 20. Qxa7 Rxa7 21. Ne4 Bc4 22. Rfd1 a5 23. Bf1 axb4 24. Bxc4 bxc4 25. axb4 Rc7 26. Nc5 Nd5 27. Rxc4 Nxb4 28. Rxb4 Rxc5 29. Rb7 Rc2 30. Ra1 Rd2 31. Raa7 Rc8 32. Rxf7 Rcc2 33. Rxg7+ Kh8 34. Rh7+ Kg8 35. Rhc7 Rxc7 36. Rxc7 Kf8 37. Kg2 Ke8 38.
h4 Kf8 39. Rh7 1-0

[Event "Early-Titled-Tuesday-Blitz-May-07-2024"]
[Site "Chess.com"]
[Date "2024.05.07"]
[Round "11"]
[White "Lestofante90"]
[Black "DanielNaroditsky"]
[Result "0-1"]
[WhiteElo "2971"]
[BlackElo "3076"]
[TimeControl "180+1"]
[EndTime "10:13:59 PDT"]
[Termination "DanielNaroditsky won by resignation"]

1. d4 Nf6 2. c4 g6 3. Nc3 Bg7 4.
e4 d6 5. Nf3 O-O 6. Be2 Na6 7.
O-O e5 8. Be3 Qe7 9. Qc2 exd4 10. Nxd4 Re8 11. f3 c6 12. Bf2 Nh5 13. Rfd1 Nc5 14.
Bf1 Nf4 15. Kh1 Be5 16. Qd2 a5 17. b3 Qf6 18. Rac1 g5 19. Be3 h6 20. g3 Ng6 21.
Bg2 Kh7 22. Rf1 Qg7 23. f4 gxf4 24. gxf4 Bf6 25. Rf3 Nxe4 26. Nxe4 Rxe4 27. f5 Nh4 28. Rg3 Rg4 29. Qf2 Nxg2 30. Rxg2 Rxg2 31. Qxg2 Bxd4 32. Qe4 Bxe3 33. f6+ Qg6 34. Qxe3 Bf5 35. h3 Be4+ 0-1

[Event "Early-Titled-Tuesday-Blitz-May-07-2024"]
[Site "Chess.com"]
[Date "2024.05.07"]
[Round "11"]
[White "Oleg_Papayan"]
[Black "Lady_Nika"]
[Result "0-1"]
[WhiteElo "2656"]
[BlackElo "2492"]
[TimeControl "180+1"]
[EndTime "10:13:59 PDT"]
[Termination "Lady_Nika won by checkmate"]

1. e4 e6 2. d4 d5 3. Nc3 Nf6 4. Bg5 Be7 5. e5 Nfd7 6. Bxe7 Qxe7 7. f4 a6 8. Qg4 g6 9. Nf3 h5 10. Qh3 c5 11. dxc5 Qxc5 12. Ng5 Qb4 13. Nxe6 fxe6 14. Qxe6+ Kd8 15. O-O-O Qxf4+ 16. Kb1 Qxe5 17. Qxg6 d4 18. Bc4 Nc6 19. Nd5 Ne7 20. Nxe7 Qxe7 21. Rxd4 Kc7 22. Qg3+ Kb6 23. Rhd1 Nc5 24. Rd6+ Ka7 25. Qc3 Bg4 26. Be2 Rac8 27. Bxg4 hxg4 28. Qd4 Ka8 29. Qxg4 Ne4 30. Re6 Nf2 31. Qe2 Qc5 32.
Rf1 Rxh2 33. Rxf2 Rh1+ 34. Rf1 Rxf1+ 35. Qxf1 Qxc2+ 36. Ka1 Qc1+ 37. Qxc1 Rxc1# 0-1

[Event "Early-Titled-Tuesday-Blitz-May-07-2024"]
[Site "Chess.com"]
[Date "2024.05.07"]
[Round "11"]
[White "akanga001"]
[Black "Gumugama"]
[Result "0-1"]
[WhiteElo "2157"]
[BlackElo "2259"]
[TimeControl "180+1"]
[EndTime "10:13:59 PDT"]
[Termination "Gumugama won by checkmate"]

1. d4 Nf6 2. Nf3 g6 3. Bg5 Bg7 4. e3 O-O 5. Nbd2 d6 6. c3 h6 7. Bh4 c5 8. a4 b6 9. Be2 Bb7 10. O-O a5 11. Nc4 Ne4 12. Na3 Nd7 13. Nd2 f5 14.
Nxe4 Bxe4 15. Bb5 g5 16. Bg3 e5 17. f3 Bb7 18. Bxd7 Qxd7 19. dxe5 f4 20. exf4 gxf4 21. Bh4 Bxe5 22. Nc4 Qe6 23. Nxe5 dxe5 24. Re1 e4 25. fxe4 f3 26. gxf3 Qh3 27. Bg3 h5 28. Qd6 Rf7 29. Rf1 Kh7 30. Rae1 Rg8 31. Kh1 h4 32. Be5 Qg2# 0-1

[Event "Early-Titled-Tuesday-Blitz-May-07-2024"]
[Site "Chess.com"]
[Date "2024.05.07"]
[Round "11"]
[White "GrotBchess"]
[Black "Yeritsyaan"]
[Result "0-1"]
[WhiteElo "2517"]
[BlackElo "2729"]
[TimeControl "180+1"]
[EndTime "10:14:05 PDT"]
[Termination "Yeritsyaan won by checkmate"]

1. e4 e6 2. d4 d5 3. Nc3 Bb4 4. e5 c5 5. a3 Bxc3+ 6. bxc3 Qa5 7. Bd2 Qa4 8. Qb1 c4 9. h4 Nc6 10. h5 h6 11. Rh3 Nge7 12. Ne2 b6 13. Nf4 Bd7 14.
Be2 O-O-O 15. Bf3 g5 16. hxg6 fxg6 17. Bg4 Nf5 18. Nxg6 Rhg8 19. Bxf5 exf5 20. Rxh6 f4 21. Nxf4 Bf5 22. Qd1 Bxc2 23. Qh5 Kb7 24. Qf7+ Ka6 25.
Nxd5 Rxg2 26. Rxc6 Rxd5 27. Qxd5 Rg1+ 28. Ke2 Rxa1 29. Rc7 Bd3+ 30. Ke3 Qd1 31. Qb7+ Kb5 32. Rc5+ Ka4 33. Qxa7+ Kb3 34. Qxb6+ Ka2 35. d5 Qe2+ 36. Kf4 Qxd2+ 37. Kf3 Qe2+ 38. Kf4 Qxf2+ 39. Kg5 Rg1+ 40. Kh6 Qh2# 0-1

[Event "Early-Titled-Tuesday-Blitz-May-07-2024"]
[Site "Chess.com"]
[Date "2024.05.07"]
[Round "11"]
[White "GMSrinath"]
[Black "MVM2008"]
[Result "1-0"]
[WhiteElo "2848"]
[BlackElo "2592"]
[TimeControl "180+1"]
[EndTime "10:14:06 PDT"]
[Termination "GMSrinath won on time"]

1. Nf3 Nc6 2. d4 d5 3. c4 e6 4. e3 Nf6 5. Nc3 Bb4 6. Bd3 O-O 7. O-O b6 8. Qc2 Bxc3 9. Qxc3 Ne7 10. b3 Bb7 11.
Ba3 Rc8 12. Rac1 Re8 13. Ne5 c5 14. dxc5 bxc5 15. Rfd1 d4 16. Qb2 Nc6 17. Nxc6 Rxc6 18. exd4 cxd4 19. c5 a6 20. b4 Qa8 21. Qxd4 e5 22. Qh4 e4 23. Bc4 h6 24. Qg3 Qc8 25. Bb2 e3 26. fxe3 Qf5 27. Rf1 Qe4 28. Rxf6 Qxe3+ 29.
Qxe3 Rxe3 30. Rxf7 Bc8 31. Rc7+ 1-0

[Event "Early-Titled-Tuesday-Blitz-May-07-2024"]
[Site "Chess.com"]
[Date "2024.05.07"]
[Round "11"]
[White "Fh2411"]
[Black "Elegance_Riks"]
[Result "1-0"]
[WhiteElo "2573"]
[BlackElo "2731"]
[TimeControl "180+1"]
[EndTime "10:14:07 PDT"]
[Termination "Fh2411 won by resignation"]

1. d4 g6 2. Nf3 Bg7 3. c4 d6 4. Nc3 e5 5. Bg5 f6 6. Bh4 Nc6 7. e3 Nh6 8. dxe5 Nxe5 9. Nxe5 dxe5 10. Qxd8+ Kxd8 11. O-O-O+ Bd7 12. Ne4 Ke7 13. Nxf6 Bxf6 14.
Bxf6+ Kxf6 15. Rxd7 Rac8 16. Be2 Nf5 17. Rhd1 h5 18.
c5 Rhe8 19. Bc4 Re7 20. g3 Rf8 21. h4 e4 22. Rxe7 Kxe7 23. Bd5 Nh6 24. Rd2 Ng4 25. Bxe4 Rf6 26. f3 Ne5 27. f4 Ng4 28. Bxb7 Re6 29. e4 Kf6 30. e5+ Ke7 31. b4 Ke8 32. Bc8 Re7 33. Bxg4 hxg4 34. Kc2 Kf7 35. Rh2 Ke6 36. h5 Rh7 37. h6 Kf5 38. Kd3 c6 39.
a3 a6 40. Ke3 Ke6 41. Ke4 1-0

[Event "Early-Titled-Tuesday-Blitz-May-07-2024"]
[Site "Chess.com"]
[Date "2024.05.07"]
[Round "11"]
[White "santosalberto1987"]
[Black "GothamChess"]
[Result "0-1"]
[WhiteElo "2567"]
[BlackElo "2707"]
[TimeControl "180+1"]
[EndTime "10:14:07 PDT"]
[Termination "GothamChess won on time"]

1. e4 a5 2. d4 Ra6 3. Bxa6 Nxa6 4. Nf3 b6 5. O-O Bb7 6. Re1 g6 7. Nc3 Bg7 8. Be3 e6 9. Qd2 d6 10. Bg5 Ne7 11. Bh6 O-O 12. Bxg7 Kxg7 13. Qf4 f6 14. h4 h6 15. d5 e5 16. Qd2 f5 17. h5 g5 18. exf5 Nxf5 19. Ne4 Qe8 20. Nfxg5 hxg5 21. Qxg5+ Kh8 22. g4 Qe7 23. Qg6 Nh4 24.
Qh6+ Kg8 25. g5 Qg7 26. Qe6+ Kh8 27. h6 Qf7 28. Nf6 Nf3+ 29. Kf1 Nxg5 30. Qxf7 Rxf7 31.
Ng4 Bxd5 0-1

[Event "Early-Titled-Tuesday-Blitz-May-07-2024"]
[Site "Chess.com"]
[Date "2024.05.07"]
[Round "11"]
[White "Senn71"]
[Black "yonaltimur"]
[Result "0-1"]
[WhiteElo "2223"]
[BlackElo "2374"]
[TimeControl "180+1"]
[EndTime "10:14:07 PDT"]
[Termination "yonaltimur won on time"]

1. e4 c5 2. Nf3 d6 3. d4 cxd4 4. Nxd4 Nf6 5. Nc3 a6 6. Be3 e5 7.
Nb3 Be6 8. f3 Be7 9. Qd2 Nbd7 10. O-O-O h5 11. Kb1 Rc8 12. f4 b5 13. f5 Bc4 14. Bd3 Qc7 15. h3 h4 16. Rhg1 Nh5 17.
Nd5 Bxd5 18. exd5 Ndf6 19. Be2 Ng3 20. Bf3 Nfe4 21. Bxe4 Nxe4 22. Qd3 Qc4 23. Na5 Qxd3 24. Rxd3 Kd7 25. Nc6 Rh5 26. Ra3 Ra8 27. Ba7 Rxf5 28. Rxa6 Bg5 29. Rb6 Be3 30. Rb7+ Kc8 31. Bxe3 Kxb7 32.
a3 Nf6 33. Rd1 Nxd5 0-1

[Event "Early-Titled-Tuesday-Blitz-May-07-2024"]
[Site "Chess.com"]
[Date "2024.05.07"]
[Round "11"]
[White "Heinza9"]
[Black "2346PL"]
[Result "0-1"]
[WhiteElo "2350"]
[BlackElo "2537"]
[TimeControl "180+1"]
[EndTime "10:14:08 PDT"]
[Termination "2346PL won by resignation"]

1. e4 e5 2. Nf3 Nf6 3. Nc3 Nc6 4. d4 Bb4 5. Nxe5 Qe7 6. Nxc6 Qxe4+ 7. Qe2 dxc6 8. Bd2 Bxc3 9. Bxc3 Bf5 10. O-O-O O-O-O 11. f3 Qxe2 12. Bxe2 Nd5 13. Bd2 Rhe8 14. Rhe1 Ne3 15. Bxe3 Rxe3 16. Bc4 Rxe1 17. Rxe1 Bg6 18. c3 Kd7 19. d5 cxd5 20. Bxd5 c6 21. Bb3 a5 22.
Rd1+ Kc7 23. Rxd8 Kxd8 24. Bc2 Kc7 25. Bxg6 fxg6 26. Kd2 Kd6 27. Ke3 Kd5 28. b3 a4 29.
Kd3 axb3 30. axb3 b5 31. h4 h6 32. g4 g5 33. hxg5 hxg5 34. Ke3 Ke5 35. b4 Kd5 36.
Kd3 c5 37. bxc5 Kxc5 38. Ke3 Kc4 39. Kd2 Kb3 40. Kd3 Kb2 41. Kd2 Ka3 42. Kc2 Ka2 43. Kd2 Kb2 44. Kd3 Kc1 45. Kd4 Kd2 46. Kc5 Kxc3 47.
Kxb5 Kd3 48. Kc5 Ke3 49. Kd5 Kxf3 50. Ke5 Kxg4 0-1

[Event "Early-Titled-Tuesday-Blitz-May-07-2024"]
[Site "Chess.com"]
[Date "2024.05.07"]
[Round "11"]
[White "noblerone"]
[Black "N_I_Chess"]
[Result "0-1"]
[WhiteElo "2465"]
[BlackElo "2342"]
[TimeControl "180+1"]
[EndTime "10:14:13 PDT"]
[Termination "N_I_Chess won on time"]

1. d4 Nf6 2. Nf3 e6 3. Bg5 d5 4. Nbd2 Be7 5. e3 O-O 6. Bd3 c5 7. c3 h6 8. Bh4 Nfd7 9. Bg3 Nc6 10. Rc1 b6 11. O-O Bb7 12. Ne5 cxd4 13. Nxc6 Bxc6 14.
cxd4 Bb7 15. Rc7 Bc8 16. Qc2 e5 17. Rc1 Bd6 18. Rc6 Qe7 19. Rxc8 Raxc8 20. Qxc8 Rxc8 21. Rxc8+ Nf8 22. Nb3 g6 23. Bb5 Kg7 24. h3 e4 25.
Re8 Qc7 26. Bxd6 Qxd6 27. Rc8 Ne6 0-1

[Event "Early-Titled-Tuesday-Blitz-May-07-2024"]
[Site "Chess.com"]
[Date "2024.05.07"]
[Round "11"]
[White "pfalcon1949"]
[Black "klifus"]
[Result "0-1"]
[WhiteElo "1950"]
[BlackElo "2170"]
[TimeControl "180+1"]
[EndTime "10:14:13 PDT"]
[Termination "klifus won by checkmate"]

1. e4 c5 2. Nf3 d6 3. d4 cxd4 4. Nxd4 Nf6 5. Nc3 a6 6. h3 e5 7.
Nf3 Be7 8. g4 Be6 9. g5 Nfd7 10.
Be3 b5 11. h4 Nb6 12. Nd5 Bxd5 13. exd5 N8d7 14. c3 O-O 15. Qd2 Qc7 16. h5 Nc4 17. Bxc4 Qxc4 18. b3 Qe4 19. Rh3 f5 20. gxf6 Nxf6 21.
O-O-O Ng4 22. Ng5 Bxg5 23. Bxg5 Rxf2 24. Qd3 Qxd3 25. Rdxd3 Rxa2 26. h6 Nf2 27. Kb1 Nxh3 28.
Kxa2 Nxg5 29. c4 g6 30. c5 dxc5 31. d6 Rd8 32. d7 Kf7 33. Rd5 Ke6 34. Rxc5 Rxd7 35.
Rc6+ Rd6 36. Rc7 e4 37. Rc8 Kf5 38. Re8 Re6 39. Rf8+ Rf6 40. Re8 Ne6 41. Ka3 e3 42. Re7 e2 43. Rxh7 e1=Q 44. Ra7 Qa5+ 45. Kb2 b4 46. h7 Kg4 47. h8=Q Rf2+ 48. Kb1 Qa2+ 49. Kc1 Qc2# 0-1

[Event "Early-Titled-Tuesday-Blitz-May-07-2024"]
[Site "Chess.com"]
[Date "2024.05.07"]
[Round "11"]
[White "Arlo2024"]
[Black "SpongeBob_03"]
[Result "0-1"]
[WhiteElo "2383"]
[BlackElo "2264"]
[TimeControl "180+1"]
[EndTime "10:14:16 PDT"]
[Termination "SpongeBob_03 won on time"]

1. e4 c5 2. Nc3 e6 3. g3 d5 4. exd5 exd5 5. Bg2 Be6 6. Nge2 Be7 7. Nf4 Nf6 8. O-O O-O 9. Qe2 Bg4 10. Qe5 Nc6 11.
Qg5 h6 12. Qh4 g5 13. Qxh6 gxf4 14. Qg5+ Kh8 15. Qh4+ Kg8 16. Qg5+ Kh7 17. Qh4+ Kg6 18. Nxd5 Rh8 19. Be4+ Kg7 20. Qg5+ Kf8 21. Nxf6 Bh3 22. Nh7+ Rxh7 23. Qxf4 Nd4 24. Re1 Rh8 25. d3 Ne6 26. Qf3 Bg5 27. Bxb7 Rb8 28. Bxg5 Nxg5 29. Qh1 Bg4 30.
f4 Rxb7 31. Qxb7 Nf3+ 32. Kg2 Rxh2+ 0-1

[Event "Early-Titled-Tuesday-Blitz-May-07-2024"]
[Site "Chess.com"]
[Date "2024.05.07"]
[Round "11"]
[White "XDPS"]
[Black "sonicdravise"]
[Result "1-0"]
[WhiteElo "2825"]
[BlackElo "2637"]
[TimeControl "180+1"]
[EndTime "10:14:17 PDT"]
[Termination "XDPS won by checkmate"]

1. d4 d5 2. Nf3 c6 3. Bf4 Qb6 4. b3 Bf5 5. e3 e6 6. Nbd2 Nf6 7. Nh4 Bg4 8. f3 Bh5 9. g4 Bg6 10. Nxg6 hxg6 11. Bd3 Bb4 12. a3 Bc3 13. Rb1 c5 14.
dxc5 Qxc5 15. b4 Qe7 16. Rb3 Bxd2+ 17. Qxd2 e5 18. Bg3 Nc6 19. Be2 d4 20. b5 Nd8 21.
exd4 exd4 22. Qxd4 O-O 23. Qd6 Qe8 24. Kf2 Ne6 25. Re3 Qc8 26. c4 Rd8 27. Qb4 Nd4 28. Bd1 a6 29. Rhe1 axb5 30. cxb5 Nc2 31. Bxc2 Qxc2+ 32. R1e2 Qc1 33. Qe1 Qc5 34. Kg2 Rxa3 35. Rxa3 Qxa3 36.
h4 Qb3 37. Re5 Rd1 38. Qe2 Rd3 39. Bf2 Nd5 40. Qe4 Rd2 41. Re8+ Kh7 42. Re5 Qa2 43. Rh5+ Kg8 44. Qe8# 1-0

[Event "Early-Titled-Tuesday-Blitz-May-07-2024"]
[Site "Chess.com"]
[Date "2024.05.07"]
[Round "11"]
[White "klimkoj"]
[Black "MagnusCarlsen"]
[Result "0-1"]
[WhiteElo "2939"]
[BlackElo "3207"]
[TimeControl "180+1"]
[EndTime "10:14:18 PDT"]
[Termination "MagnusCarlsen won by resignation"]

1. e4 a5 2. d4 Ra6 3. Bxa6 Nxa6 4. Nf3 g6 5. O-O Bg7 6. Nc3 d6 7. h3 Nf6 8. e5 Nd7 9. Re1 Nb6 10. Qe2 O-O 11. Bg5 f6 12. exf6 exf6 13. Bf4 Bd7 14. a4 Nb4 15. b3 Bc6 16. Rac1 Qd7 17. Qe6+ Qxe6 18. Rxe6 N6d5 19. Nxd5 Bxd5 20. Re7 Rc8 21. Ree1 Kf7 22. Nd2 g5 23. Be3 Na2 24. Ra1 Nb4 25. Rac1 h6 26. Nc4 b6 27. Bd2 f5 28. Bxb4 axb4 29. Ne3 Be6 30. d5 Bd7 31. g4 Bc3 32. Re2 Re8 33. Kf1 Bc8 34. gxf5 Re4 35. f3 Re5 36.
Ng4 Rxd5 37. Kg2 h5 38. Ne3 Re5 39. Kf2 Bd4 40. Rd1 Bc5 41. h4 Ba6 42. Rd3 Bxd3 43. cxd3 gxh4 0-1

[Event "Early-Titled-Tuesday-Blitz-May-07-2024"]
[Site "Chess.com"]
[Date "2024.05.07"]
[Round "11"]
[White "twofoxniel"]
[Black "Lucky_Puncher"]
[Result "1-0"]
[WhiteElo "2666"]
[BlackElo "2550"]
[TimeControl "180+1"]
[EndTime "10:14:18 PDT"]
[Termination "twofoxniel won by resignation"]

1. e4 c5 2. d4 cxd4 3. c3 d5 4. exd5 Qxd5 5. cxd4 Nc6 6. Nf3 Bg4 7. Nc3 Bxf3 8.
gxf3 Qxd4 9. Qxd4 Nxd4 10. Nb5 O-O-O 11. Nxd4 Rxd4 12. Be3 Rd8 13. Bxa7 e6 14. Rc1+ Kd7 15. Bb5+ Ke7 16. Bb6 Rd5 17. Rc7+ Kf6 18. Bc4 Bb4+ 19. Kf1 Rd1+ 20. Kg2 Rxh1 21. Kxh1 Ne7 22. Rxb7 Nf5 23. Kg2 Rc8 24. b3 Bd6 25. a4 Nh4+ 26. Kf1 Nxf3 27. a5 Bc5 28. Bxc5 Rxc5 29. a6 Nd2+ 30.
Ke2 Nxc4 31. a7 Re5+ 32. Kd3 Nb2+ 33. Kc2 Ra5 34. Kxb2 h5 35. b4 Ra4 36. Kb3 Ra1 37.
b5 g5 38. b6 g4 39. Rb8 h4 40. a8=Q 1-0

[Event "Early-Titled-Tuesday-Blitz-May-07-2024"]
[Site "Chess.com"]
[Date "2024.05.07"]
[Round "11"]
[White "ahmedkandiliii"]
[Black "slorovel"]
[Result "1-0"]
[WhiteElo "2643"]
[BlackElo "2533"]
[TimeControl "180+1"]
[EndTime "10:14:22 PDT"]
[Termination "ahmedkandiliii won by resignation"]

1. e4 e6 2. d4 d5 3. exd5 exd5 4. h3 Bd6 5. Nf3 Nf6 6. Bd3 O-O 7. O-O h6 8. Nc3 c6 9. Re1 Nbd7 10. Ne5 Qc7 11. Bf4 Re8 12. Qf3 Nf8 13. Bxh6 Bxe5 14. dxe5 Rxe5 15. Bf4 Rxe1+ 16. Rxe1 Qd8 17. Bg5 Be6 18.
Qg3 Qb8 19. Qh4 N8h7 20. Bf4 Qc8 21. g4 Nf8 22. Be5 N6h7 23. Ne2 f6 24. Bc3 Bf7 25. Ng3 c5 26. Nf5 Kh8 27. Re7 Ng6 28. Qg3 Qf8 29.
Rxf7 Qxf7 30. Nd6 Qe6 31. Bxg6 Ng5 32. Bd2 Rd8 33. Bxg5 Qxd6 34. Qh4+ Kg8 35. Qh7+ Kf8 36. Qh8+ Ke7 37. Qxg7+ 1-0

[Event "Early-Titled-Tuesday-Blitz-May-07-2024"]
[Site "Chess.com"]
[Date "2024.05.07"]
[Round "11"]
[White "PawnEatingZombie"]
[Black "JosefineHeinemann"]
[Result "1/2-1/2"]
[WhiteElo "2240"]
[BlackElo "2485"]
[TimeControl "180+1"]
[EndTime "10:14:23 PDT"]
[Termination "Game drawn by repetition"]

1. e4 c5 2. c3 Nf6 3. e5 Nd5 4. Nf3 Nc6 5. Bc4 Nb6 6. Bb3 c4 7. Bc2 d5 8. exd6 Qxd6 9. O-O Bg4 10. Na3 O-O-O 11. Qe2 Qf6 12. Nxc4 Nxc4 13. Qxc4 Bxf3 14. gxf3 Qxf3 15. Qe4 Qxe4 16. Bxe4 e5 17. d4 exd4 18. cxd4 Nxd4 19. Be3 Nc6 20. Rac1 Kb8 21. Bxc6 bxc6 22. Rxc6 Kb7 23. Rfc1 Bd6 24. R6c3 Rd7 25. Rb3+ Ka8 26.
Rc6 Be5 27. a4 Rb8 28. Rxb8+ Kxb8 29. b4 Kb7 30. b5 Bd4 31. Bxd4 Rxd4 32. a5 Rd5 33.
a6+ Kb8 34. b6 axb6 35. Rxb6+ Ka8 36. Rb7 Rf5 37. Kg2 h5 38. h4 g6 39. Re7 Rf6 40.
a7 Rf5 41. f3 Rf6 42. Kg3 Rf5 43. f4 Rf6 44. Rd7 Rf5 45. Re7 Rf6 46. Rd7 Rf5 47. Re7 1/2-1/2

[Event "Early-Titled-Tuesday-Blitz-May-07-2024"]
[Site "Chess.com"]
[Date "2024.05.07"]
[Round "11"]
[White "wqws"]
[Black "Irishchessman16"]
[Result "1-0"]
[WhiteElo "2680"]
[BlackElo "2561"]
[TimeControl "180+1"]
[EndTime "10:14:25 PDT"]
[Termination "wqws won on time"]

1. e4 c5 2. Nf3 Nc6 3. d4 cxd4 4.
Nxd4 Nf6 5. Nc3 h5 6. Bc4 g6 7.
Nxc6 bxc6 8. e5 Ng4 9. Qe2 Bg7 10. f4 O-O 11. h3 Nh6 12. g4 d5 13. Bd3 hxg4 14.
hxg4 Bxg4 15. Qg2 Bf5 16. Rxh6 Bxd3 17. Rh1 Bf5 18. Be3 f6 19. O-O-O fxe5 20. fxe5 Bxe5 21. Bd4 Bxd4 22. Rxd4 Qd6 23. Rdh4 Kf7 24. Rh7+ Ke8 25. Re1 e6 26. Qg5 a5 27. Na4 Rb8 28. Reh1 Be4 29.
R1h4 Qb4 30. c3 Qd6 31. Ra7 Qd8 32. Qe5 Rf1+ 33. Kd2 Rf2+ 34. Ke3 Rf3+ 35. Kd4 Rd3+ 36. Kc5 Rb5+ 37. Kxc6 Qc8+ 38. Kxb5 1-0

[Event "Early-Titled-Tuesday-Blitz-May-07-2024"]
[Site "Chess.com"]
[Date "2024.05.07"]
[Round "11"]
[White "MaxLeto"]
[Black "WiseKing_08"]
[Result "0-1"]
[WhiteElo "2432"]
[BlackElo "2595"]
[TimeControl "180+1"]
[EndTime "10:14:25 PDT"]
[Termination "WiseKing_08 won on time"]

1. a3 d5 2. b3 Nf6 3. c3 Bf5 4. d3 e5 5. e3 c5 6. f3 Nc6 7. g4 Bg6 8. h4 h5 9. g5 Nd7 10. Bb2 Bd6 11. Ne2 O-O 12. Nd2 Bxd3 13. Ng3 Bg6 14. Qe2 e4 15. f4 f5 16. Nxh5 d4 17. cxd4 cxd4 18. Nc4 Bc5 19. b4 Bb6 20. Nxg7 Kxg7 21. h5 Rh8 22. Bg2 Bf7 23. Nd6 Be6 24.
O-O-O Nf8 25. Nxe4 fxe4 26. Bxe4 Rc8 27. Kb1 Bd5 28. Bxd5 Qxd5 29. e4 Qb3 30. Rd3 Qe6 31. e5 Qf5 32. Ka1 Ne6 33. Rf3 Ne7 0-1

[Event "Early-Titled-Tuesday-Blitz-May-07-2024"]
[Site "Chess.com"]
[Date "2024.05.07"]
[Round "11"]
[White "aanshnerurkar"]
[Black "Burgsvik"]
[Result "1-0"]
[WhiteElo "2471"]
[BlackElo "2324"]
[TimeControl "180+1"]
[EndTime "10:14:25 PDT"]
[Termination "aanshnerurkar won by resignation"]

1. e4 c5 2. Nf3 Nc6 3. Bb5 e6 4. O-O Nge7 5. d4 cxd4 6. Nxd4 Nxd4 7. Qxd4 Nc6 8. Qc3 a6 9. Be2 Qf6 10. Qxf6 gxf6 11. a4 Nd4 12. Bd3 d6 13. Be3 Nc6 14. Nd2 Rg8 15. f4 e5 16. f5 Nb4 17. Nc4 Nxd3 18.
cxd3 Bd7 19. Nb6 Rd8 20. Nd5 Be7 21. Nc7+ Kf8 22. Bh6+ Rg7 23. Nd5 Re8 24. Rf3 Kg8 25. Bxg7 Kxg7 26. Rc1 Bc6 27. Rg3+ Kf8 28. Kf2 Bd8 29.
b3 Bxd5 30. exd5 Bb6+ 31. Kf3 Bc5 32. Ke4 b6 33. Rg4 Ke7 34. Rg7 Rh8 35. b4 Kf8 36.
bxc5 Kxg7 37. cxb6 a5 38. Rc6 Rd8 39. Ke3 Kh6 40.
Kd2 Kg5 41. Kc3 Kxf5 42. Kc4 e4 43. dxe4+ Kxe4 44. Rc7 f5 45. Re7+ Kf4 46. Kb5 Rc8 47. b7 Rc1 48. Kxa5 Rb1 49. Ka6 h5 50. a5 h4 51. Ka7 Kg4 52. Rxf7 h3 53. gxh3+ Kf4 54. a6 1-0

[Event "Early-Titled-Tuesday-Blitz-May-07-2024"]
[Site "Chess.com"]
[Date "2024.05.07"]
[Round "11"]
[White "only_strong_moves"]
[Black "IriBu"]
[Result "0-1"]
[WhiteElo "2695"]
[BlackElo "2599"]
[TimeControl "180+1"]
[EndTime "10:14:26 PDT"]
[Termination "IriBu won by resignation"]

1. Nc3 d6 2. d4 Nf6 3. e4 e5 4. Nf3 Nbd7 5. Bc4 Be7 6. O-O c6 7. a4 h6 8. Qe2 Qc7 9. Rd1 Nf8 10. d5 Ng6 11. b3 Bg4 12. h3 Bd7 13. dxc6 bxc6 14.
Kh2 O-O 15. g3 Rad8 16. Ba3 Bc8 17. Rd2 d5 18. exd5 Bxa3 19. Rxa3 cxd5 20. Nxd5 Nxd5 21.
Bxd5 Qc5 22. b4 Qxb4 23. Rb3 Qxa4 24. Rc3 Qd7 25. h4 Qh3+ 26. Kg1 Bg4 27. Rcd3 Rde8 28. Ra3 Kh7 29. Rxa7 f5 30. Bf7 Rxf7 31. Rxf7 e4 32.
Rdd7 Rg8 33. Qf1 Qxf1+ 34. Kxf1 Bxf3 35. Rc7 Bg4 36. c4 Ne5 37. Rfe7 Ng6 38. Red7 f4 39. gxf4 Bxd7 40. Rxd7 Nxf4 41. c5 Rc8 42. Rf7 Nd3 43. Re7 Nxc5 44. Re5 Kg6 45. Ke2 Kf6 46. Rd5 Ne6 47.
Ke3 Rc5 48. Rd6 Rf5 49. Rd2 Rf4 50. Ra2 Rxh4 51. Ra4 Rf4 52. Ra6 Rf3+ 53. Ke2 h5 54.
Ra5 g6 55. Rxh5 gxh5 0-1